[Event "Lueneburg Open-A 2019"]
[Site "Lueneburg"]
[Date "2019.08.06"]
[Round "4.9"]
[White "Kroencke, Manfred"]
[Black "Stork, Oliver"]
[Result "0-1"]
[ECO "C48"]
[WhiteElo "2047"]
[BlackElo "2322"]
[Annotator "NA"]
[PlyCount "120"]
[EventDate "2019.08.03"]
[EventType "swiss"]
[EventCountry "GER"]
[SourceTitle "playchess.com"]
[Source "ChessBase"]
[SourceQuality "1"]
[TimeControl "40/5400+30:1800+30"]

1. e4 e5 2. Nf3 Nc6 3. Nc3 Nf6 4. Bb5 Bc5 5. Nxe5 Nxe5 6. d4 Bb4 7. dxe5 Nxe4 8. Qd4 Nxc3 9. bxc3 Be7 10. Qg4 g6 11. Qf3 Bg5 12. Ba3 Be7 13. Bc1 Bg5 14. Ba3 Be7 15. Bc1 O-O 16. Bh6 d6 17. Bxf8 Bxf8 18. exd6 cxd6 19. O-O Qc7 20. Ba4 h5 21. Bb3 Bg7 22. Rab1 Bg4 23. Qd3 Bf5 24. Qf3 Rc8 25. h3 Qd7 26. c4 Rc5 27. Rbd1 a5 28. a4 Be6 29. Qd3 Bf8 30. Rfe1 Qc8 31. Re3 b6 32. Rde1 Bd7 33. c3 Bc6 34. Rg3 Qd7 35. Qe3 Re5 36. Qd2 Bh6 37. Qd1 Bf4 38. Rxe5 Bxe5 39. Re3 Qf5 40. Qd3 Qg5 41. g3 h4 42. Kf1 hxg3 43. fxg3 Kg7 44. Bd1 Bd7 45. g4 Bc6 46. Bf3 Qf4 47. Re4 Qg3 48. Be2 Bxe4 49. Qxe4 Qxh3+ 50. Qg2 Qxc3 51. Qf3 Qa1+ 52. Bd1 Bd4 53. Qd3 Qb2 54. Qc2 Kf6 55. Ke2 Ke5 56. Kf3 Qa3+ 57. Qb3 Qxb3+ 58. Bxb3 Bc5 59. Bd1 Kd4 60. Be2 Ke5 0-1

[Event "Lueneburg Open-A 2019"]
[Site "Lueneburg"]
[Date "2019.08.06"]
[Round "4.10"]
[White "Weishaeutel, Moritz"]
[Black "Wronn, Bernd"]
[Result "1-0"]
[ECO "B13"]
[WhiteElo "2276"]
[BlackElo "2128"]
[Annotator "NA"]
[PlyCount "65"]
[EventDate "2019.08.03"]
[EventType "swiss"]
[EventCountry "GER"]
[SourceTitle "playchess.com"]
[Source "ChessBase"]
[SourceQuality "1"]
[TimeControl "40/5400+30:1800+30"]

1. e4 c6 2. d4 d5 3. exd5 cxd5 4. Bd3 Nc6 5. c3 Nf6 6. Bf4 Bg4 7. Qb3 Qd7 8. Nd2 e6 9. Ngf3 Bxf3 10. Nxf3 Bd6 11. Bxd6 Qxd6 12. O-O O-O 13. Rfe1 Rab8 14. a4 a6 15. Qd1 b5 16. axb5 axb5 17. b4 Rfc8 18. Qe2 Ne7 19. Ra3 Rc7 20. Bxb5 Ne4 21. Rc1 Rbc8 22. Qb2 Ng6 23. Nd2 e5 24. Nxe4 dxe4 25. Rd1 Nh4 26. Bf1 Qg6 27. Kh1 exd4 28. Rxd4 Nf5 29. Rd5 Qf6 30. Ra6 Qg5 31. c4 Qf4 32. Qe5 Qc1 33. Ra1 1-0

[Event "Lueneburg Open-A 2019"]
[Site "Lueneburg"]
[Date "2019.08.06"]
[Round "4.14"]
[White "Ramme, Christoph"]
[Black "Probst, Alexander"]
[Result "1/2-1/2"]
[ECO "D20"]
[WhiteElo "2154"]
[BlackElo "1969"]
[Annotator "NA"]
[PlyCount "44"]
[EventDate "2019.08.03"]
[EventType "swiss"]
[EventCountry "GER"]
[SourceTitle "playchess.com"]
[Source "ChessBase"]
[SourceQuality "1"]
[TimeControl "40/5400+30:1800+30"]

1. d4 d5 2. c4 dxc4 3. e4 e5 4. Nf3 Bb4+ 5. Nc3 exd4 6. Qxd4 Qxd4 7. Nxd4 Bd7 8. Bxc4 Nf6 9. O-O Nc6 10. Nf3 O-O 11. e5 Bxc3 12. bxc3 Ne4 13. Re1 Nxc3 14. Ng5 Nd8 15. Ba3 Re8 16. Bb4 Na4 17. Bb3 Ne6 18. Nxe6 fxe6 19. Rac1 Rac8 20. f4 g6 21. Kf2 Nb6 22. Ba5 Bc6 1/2-1/2

[Event "Lueneburg Open-A 2019"]
[Site "Lueneburg"]
[Date "2019.08.06"]
[Round "4.15"]
[White "Bosselmann, Tom Linus"]
[Black "Ishak, Rashid"]
[Result "0-1"]
[ECO "C36"]
[WhiteElo "2000"]
[BlackElo "2141"]
[Annotator "NA"]
[PlyCount "88"]
[EventDate "2019.08.03"]
[EventType "swiss"]
[EventCountry "GER"]
[SourceTitle "playchess.com"]
[Source "ChessBase"]
[SourceQuality "1"]
[TimeControl "40/5400+30:1800+30"]

1. e4 e5 2. f4 exf4 3. Nf3 d5 4. exd5 Nf6 5. Bb5+ c6 6. dxc6 bxc6 7. Bc4 Bd6 8. O-O O-O 9. d4 Nd5 10. Nc3 Be6 11. Nxd5 Bxd5 12. Bxd5 cxd5 13. Ne5 Qb6 14. Kh1 f6 15. Nd3 Nc6 16. Bxf4 Bxf4 17. Nxf4 Qxb2 18. Nxd5 Rad8 19. c4 Qxd4 20. Qxd4 Nxd4 21. Rab1 Rf7 22. Rfe1 Nc6 23. Rbd1 Kf8 24. h3 Rfd7 25. Rc1 Ne5 26. Re2 Nxc4 27. Rxc4 Rxd5 28. Rc7 R8d7 29. Rxd7 Rxd7 30. Re4 Kf7 31. Ra4 Ke6 32. Ra6+ Ke5 33. Kh2 Kf4 34. Ra4+ Ke3 35. h4 g6 36. Ra3+ Ke4 37. Ra4+ Kd3 38. Kh3 Re7 39. g3 Ke3 40. Ra6 f5 41. Ra4 Kf2 42. Rf4+ Kg1 43. Ra4 Re2 44. g4 Re3# 0-1

[Event "Lueneburg Open-A 2019"]
[Site "Lueneburg"]
[Date "2019.08.06"]
[Round "4.16"]
[White "Garner, Isaac"]
[Black "Rick, Uwe"]
[Result "1-0"]
[ECO "B80"]
[WhiteElo "1974"]
[BlackElo "2113"]
[Annotator "NA"]
[PlyCount "81"]
[EventDate "2019.08.03"]
[EventType "swiss"]
[EventCountry "GER"]
[SourceTitle "playchess.com"]
[Source "ChessBase"]
[SourceQuality "1"]
[TimeControl "40/5400+30:1800+30"]

1. e4 c5 2. Nf3 d6 3. d4 cxd4 4. Nxd4 Nf6 5. Nc3 a6 6. g3 e6 7. Bg2 Be7 8. O-O Qc7 9. f4 O-O 10. g4 Nc6 11. Nxc6 bxc6 12. g5 Nd7 13. f5 d5 14. fxe6 fxe6 15. Rxf8+ Nxf8 16. exd5 Qe5 17. Qe2 Qxe2 18. Nxe2 exd5 19. Nd4 Bd7 20. Be3 Re8 21. c4 Bc5 22. Bf2 dxc4 23. Nxc6 Bxf2+ 24. Kxf2 Bxc6 25. Bxc6 Re5 26. Rd1 Kf7 27. Bd5+ Kg6 28. h4 Kf5 29. Bxc4 Ng6 30. Bd3+ Kg4 31. Bxa6 Nxh4 32. Rg1+ Kf4 33. Be2 Rxg5 34. Rxg5 Kxg5 35. a4 Nf5 36. a5 Nd6 37. b4 Kf5 38. b5 Ke5 39. b6 Ne4+ 40. Ke3 Nc5 41. b7 1-0

[Event "Lueneburg Open-A 2019"]
[Site "Lueneburg"]
[Date "2019.08.06"]
[Round "4.17"]
[White "Hommer, Jeremy"]
[Black "Ploder, Udo"]
[Result "1-0"]
[ECO "A45"]
[WhiteElo "2083"]
[BlackElo "1942"]
[Annotator "NA"]
[PlyCount "69"]
[EventDate "2019.08.03"]
[EventType "swiss"]
[EventCountry "GER"]
[SourceTitle "playchess.com"]
[Source "ChessBase"]
[SourceQuality "1"]
[TimeControl "40/5400+30:1800+30"]

1. d4 Nf6 2. Bf4 c5 3. e3 Qb6 4. Nc3 d6 5. Rb1 g6 6. Nf3 Bg7 7. Be2 O-O 8. O-O Bf5 9. h3 Na6 10. g4 Be6 11. d5 Bd7 12. e4 Rad8 13. Nd2 e5 14. Bg5 h6 15. Bxf6 Bxf6 16. Nc4 Qc7 17. a4 Nb8 18. b3 a6 19. Bd3 Bg5 20. Ne2 h5 21. f4 exf4 22. Nxf4 b5 23. axb5 axb5 24. Ne3 Kg7 25. gxh5 Rh8 26. hxg6 fxg6 27. Neg2 Qc8 28. Qf3 Rdf8 29. Qg3 Qd8 30. Ra1 Rh6 31. Bxb5 Bxf4 32. Nxf4 Rxf4 33. Qxf4 Bxb5 34. Qf7+ Kh8 35. Qf8+ 1-0

[Event "Lueneburg Open-A 2019"]
[Site "Lueneburg"]
[Date "2019.08.06"]
[Round "4.18"]
[White "Fabregas, Oliver"]
[Black "Klages, Hans Juergen"]
[Result "0-1"]
[ECO "A06"]
[WhiteElo "1956"]
[BlackElo "2095"]
[Annotator "NA"]
[PlyCount "54"]
[EventDate "2019.08.03"]
[EventType "swiss"]
[EventCountry "GER"]
[SourceTitle "playchess.com"]
[Source "ChessBase"]
[SourceQuality "1"]
[TimeControl "40/5400+30:1800+30"]

1. Nf3 d5 2. e3 Nf6 3. c4 g6 4. b3 Bg7 5. Bb2 e6 6. d4 O-O 7. Nbd2 c5 8. cxd5 Nxd5 9. Rc1 cxd4 10. Nxd4 e5 11. N4f3 Nc6 12. Bc4 Ndb4 13. a3 Nd3+ 14. Bxd3 Qxd3 15. Qc2 Bf5 16. e4 Qxc2 17. Rxc2 Be6 18. Ke2 h6 19. h3 f5 20. b4 fxe4 21. Nxe4 Bf5 22. Nfd2 Rad8 23. Rc4 Nd4+ 24. Bxd4 exd4 25. Kd3 Bd7 26. Rc5 a6 27. Rhc1 Bc6 0-1

[Event "Lueneburg Open-A 2019"]
[Site "Lueneburg"]
[Date "2019.08.06"]
[Round "4.19"]
[White "Chennaoui, Yasin"]
[Black "Joppien, Arne"]
[Result "1-0"]
[ECO "A25"]
[WhiteElo "2092"]
[BlackElo "1940"]
[Annotator "NA"]
[PlyCount "105"]
[EventDate "2019.08.03"]
[EventType "swiss"]
[EventCountry "GER"]
[SourceTitle "playchess.com"]
[Source "ChessBase"]
[SourceQuality "1"]
[TimeControl "40/5400+30:1800+30"]

1. c4 e5 2. g3 Nf6 3. Bg2 Bc5 4. a3 a5 5. Nc3 O-O 6. e3 Nc6 7. Nge2 d6 8. O-O Bg4 9. h3 Bxe2 10. Nxe2 h6 11. Rb1 Re8 12. b4 axb4 13. axb4 Bb6 14. d4 exd4 15. exd4 Qe7 16. Be3 Ra3 17. Qc1 Rxe3 18. Qxe3 Qxe3 19. fxe3 Rxe3 20. Kf2 Re8 21. Bxc6 bxc6 22. c5 Ne4+ 23. Ke1 Nxg3 24. Rf2 Ba7 25. Ra1 Bb8 26. Ra3 Ne4 27. Re3 Kf8 28. Rf4 Nf6 29. Rxe8+ Kxe8 30. Nc3 Ke7 31. Kd2 Ke6 32. Rf1 g5 33. Ra1 Kd7 34. Ra6 Ng8 35. b5 cxb5 36. c6+ Kc8 37. Nd5 f5 38. Ra8 h5 39. Ke3 h4 40. Kf3 Nh6 41. Ne7+ Kd8 42. Ng8 g4+ 43. Kg2 Nxg8 44. Rxb8+ Ke7 45. Rxg8 d5 46. hxg4 fxg4 47. Rxg4 b4 48. Rxh4 b3 49. Rh7+ Kd6 50. Rh6+ Ke7 51. Rh3 Kd6 52. Rxb3 Kxc6 53. Kf3 1-0

[Event "Lueneburg Open-A 2019"]
[Site "Lueneburg"]
[Date "2019.08.06"]
[Round "4.20"]
[White "Bargsten, Justus"]
[Black "Schulz, Daniel"]
[Result "0-1"]
[ECO "C11"]
[WhiteElo "1946"]
[BlackElo "2071"]
[Annotator "NA"]
[PlyCount "48"]
[EventDate "2019.08.03"]
[EventType "swiss"]
[EventCountry "GER"]
[SourceTitle "playchess.com"]
[Source "ChessBase"]
[SourceQuality "1"]
[TimeControl "40/5400+30:1800+30"]

1. e4 e6 2. d4 d5 3. Nc3 Nf6 4. e5 Nfd7 5. f4 c5 6. Nf3 Nc6 7. Be3 Be7 8. Qd2 b6 9. O-O-O c4 10. f5 b5 11. fxe6 fxe6 12. Bg5 b4 13. Nb5 O-O 14. Bxe7 Nxe7 15. Nd6 Qa5 16. Kb1 Rb8 17. Ng5 Nb6 18. Nxc8 Rfxc8 19. Nxe6 Na4 20. Qg5 Ng6 21. Kc1 b3 22. axb3 cxb3 23. c4 Nxb2 24. Bd3 Nxd3+ 0-1

[Event "Lueneburg Open-A 2019"]
[Site "Lueneburg"]
[Date "2019.08.06"]
[Round "4.21"]
[White "Koellner, Christof"]
[Black "Beuter, Christof"]
[Result "1-0"]
[ECO "A46"]
[WhiteElo "2091"]
[BlackElo "1930"]
[Annotator "NA"]
[PlyCount "63"]
[EventDate "2019.08.03"]
[EventType "swiss"]
[EventCountry "GER"]
[SourceTitle "playchess.com"]
[Source "ChessBase"]
[SourceQuality "1"]
[TimeControl "40/5400+30:1800+30"]

1. d4 Nf6 2. Nf3 d6 3. Nbd2 Nbd7 4. e4 e5 5. c3 Be7 6. Bd3 c6 7. a4 a5 8. O-O h6 9. Re1 Qc7 10. Nc4 Ng4 11. h3 Ngf6 12. Bc2 g5 13. dxe5 dxe5 14. Nh2 Nf8 15. Be3 c5 16. Ng4 Nxg4 17. hxg4 Ng6 18. g3 Ra6 19. Qe2 Rf6 20. Rad1 Nf4 21. gxf4 gxf4 22. f3 h5 23. g5 Rg6 24. Bf2 Bxg5 25. Kh1 h4 26. Rd5 Bf6 27. Rxc5 Qd7 28. Rxc8+ Bd8 29. Rxd8+ Qxd8 30. Nxe5 Rg3 31. Qb5+ Kf8 32. Qd7 1-0

[Event "Lueneburg Open-A 2019"]
[Site "Lueneburg"]
[Date "2019.08.06"]
[Round "4.22"]
[White "Schwarz, Jochen"]
[Black "Jurkic, Bosiljko"]
[Result "1/2-1/2"]
[ECO "A18"]
[WhiteElo "1909"]
[BlackElo "2046"]
[Annotator "NA"]
[PlyCount "27"]
[EventDate "2019.08.03"]
[EventType "swiss"]
[EventCountry "GER"]
[SourceTitle "playchess.com"]
[Source "ChessBase"]
[SourceQuality "1"]
[TimeControl "40/5400+30:1800+30"]

1. c4 Nf6 2. Nc3 e6 3. e4 d5 4. e5 Ne4 5. Nf3 c5 6. cxd5 Nxc3 7. dxc3 Qxd5 8. Bg5 Qe4+ 9. Be3 Bd7 10. Bd3 Qc6 11. Qc2 h6 12. O-O Qc7 13. Rfe1 Bc6 14. Be4 1/2-1/2

[Event "Lueneburg Open-A 2019"]
[Site "Lueneburg"]
[Date "2019.08.06"]
[Round "4.23"]
[White "Meschke, Oliver"]
[Black "Blum, Frederik"]
[Result "1/2-1/2"]
[ECO "A03"]
[WhiteElo "1900"]
[BlackElo "2037"]
[Annotator "NA"]
[PlyCount "49"]
[EventDate "2019.08.03"]
[EventType "swiss"]
[EventCountry "GER"]
[SourceTitle "playchess.com"]
[Source "ChessBase"]
[SourceQuality "1"]
[TimeControl "40/5400+30:1800+30"]

1. f4 d5 2. Nf3 Nf6 3. c4 e6 4. e3 c5 5. Bd3 Nc6 6. Na3 g6 7. b3 Bg7 8. Bb2 O-O 9. O-O Qe7 10. Rc1 Ne8 11. Bxg7 Nxg7 12. Be2 d4 13. Nc2 Rd8 14. exd4 cxd4 15. Bd3 Qd6 16. g3 e5 17. fxe5 Nxe5 18. Nxe5 Qxe5 19. Qe1 Qd6 20. Qf2 f5 21. Qf3 Qf6 22. Rfe1 Ne6 23. Nb4 Kg7 24. Nd5 Qf8 25. Qe2 1/2-1/2

[Event "Lueneburg Open-A 2019"]
[Site "Lueneburg"]
[Date "2019.08.06"]
[Round "4.24"]
[White "Schaefer, Maik"]
[Black "Koenig, Christian"]
[Result "0-1"]
[ECO "C41"]
[WhiteElo "1781"]
[BlackElo "2026"]
[Annotator "NA"]
[PlyCount "72"]
[EventDate "2019.08.03"]
[EventType "swiss"]
[EventCountry "GER"]
[SourceTitle "playchess.com"]
[Source "ChessBase"]
[SourceQuality "1"]
[TimeControl "40/5400+30:1800+30"]

1. e4 d6 2. d4 Nf6 3. Nc3 Nbd7 4. Be3 e5 5. Nf3 Be7 6. Be2 c6 7. O-O Qc7 8. Nd2 b5 9. a3 a6 10. dxe5 dxe5 11. g4 h6 12. Bf3 Nc5 13. Re1 Be6 14. h3 Nh7 15. Qe2 Nb7 16. b3 Qa5 17. b4 Qc7 18. Qf1 a5 19. Kg2 O-O 20. Rab1 axb4 21. axb4 Ng5 22. Bd1 Ra3 23. Ne2 Rd8 24. c3 Nd6 25. Bc2 Nc4 26. Nxc4 Bxc4 27. f4 Rxc3 28. fxg5 Rxe3 29. Qf2 Bxg5 30. h4 Rd2 31. Bd1 Bf4 32. Rc1 Qd7 33. Nxf4 Rxf2+ 34. Kxf2 exf4 35. Rxe3 fxe3+ 36. Kxe3 Qd3+ 0-1

[Event "Lueneburg Open-A 2019"]
[Site "Lueneburg"]
[Date "2019.08.06"]
[Round "4.25"]
[White "Kiesel, Harald"]
[Black "Ziese, Gerhard"]
[Result "1-0"]
[ECO "C63"]
[WhiteElo "2023"]
[BlackElo "1897"]
[Annotator "NA"]
[PlyCount "73"]
[EventDate "2019.08.03"]
[EventType "swiss"]
[EventCountry "GER"]
[SourceTitle "playchess.com"]
[Source "ChessBase"]
[SourceQuality "1"]
[TimeControl "40/5400+30:1800+30"]

1. e4 e5 2. Nf3 Nc6 3. Bb5 f5 4. d3 fxe4 5. dxe4 Nf6 6. O-O Bc5 7. Bxc6 bxc6 8. Nxe5 O-O 9. Nd2 Qe8 10. Nd3 Bb6 11. e5 Nd5 12. Nc4 Ba6 13. Nxb6 axb6 14. Re1 Qg6 15. a3 Rf7 16. Nb4 Bc4 17. e6 Re7 18. exd7 Rxd7 19. Nd3 Bxd3 20. cxd3 Rad8 21. d4 h6 22. Be3 c5 23. Qb3 cxd4 24. Bxd4 Kh7 25. Be5 Qg4 26. h3 Qg5 27. Qg3 Qxg3 28. Bxg3 Nf6 29. Rac1 c5 30. Re6 Rd1+ 31. Rxd1 Rxd1+ 32. Kh2 Nd5 33. Rd6 b5 34. Be5 g5 35. Rd7+ Kg6 36. g4 h5 37. Rd6+ 1-0

[Event "Lueneburg Open-A 2019"]
[Site "Lueneburg"]
[Date "2019.08.06"]
[Round "4.26"]
[White "Deutschbein, Christopher"]
[Black "Wirries, Frank-Michael"]
[Result "1-0"]
[ECO "B21"]
[WhiteElo "2015"]
[BlackElo "1858"]
[Annotator "NA"]
[PlyCount "115"]
[EventDate "2019.08.03"]
[EventType "swiss"]
[EventCountry "GER"]
[SourceTitle "playchess.com"]
[Source "ChessBase"]
[SourceQuality "1"]
[TimeControl "40/5400+30:1800+30"]

1. e4 c5 2. d3 g6 3. f4 d6 4. Nf3 Bg7 5. Be2 Nc6 6. c3 e5 7. O-O Nge7 8. Be3 Qc7 9. Na3 O-O 10. Rc1 f5 11. Nb5 Qb8 12. Ng5 a6 13. Na3 h6 14. Nh3 fxe4 15. dxe4 b5 16. Bg4 Bxg4 17. Qxg4 Qc8 18. Qxc8 Raxc8 19. Rcd1 Rcd8 20. Rd2 Nc8 21. Rfd1 Kh7 22. Nc2 Bf6 23. Ne1 Be7 24. Nf3 Nb6 25. fxe5 dxe5 26. Rxd8 Rxd8 27. Rxd8 Bxd8 28. Bxc5 Na4 29. Bd6 Bf6 30. Nf2 Nxb2 31. Ng4 Kg7 32. Nfxe5 Nxe5 33. Nxe5 Na4 34. c4 bxc4 35. Nxc4 Nc3 36. e5 Bd8 37. a3 Kf7 38. Kf2 Ke6 39. Ke3 Kd5 40. Kd3 Nb5 41. Bf8 Bg5 42. a4 Nc7 43. Bd6 Ne8 44. Bb8 Kc5 45. Nd6 Ng7 46. Ne4+ Kd5 47. Nc3+ Ke6 48. Ke4 Nf5 49. Nd5 Kd7 50. Nb4 a5 51. Nd5 Ke6 52. Bc7 Bd2 53. Nf4+ Kf7 54. e6+ Ke7 55. Nxg6+ Kxe6 56. Nf8+ Kf7 57. Kxf5 Kxf8 58. Bf4 1-0

[Event "Lueneburg Open-A 2019"]
[Site "Lueneburg"]
[Date "2019.08.06"]
[Round "4.27"]
[White "Comes, Bruno"]
[Black "Berres, Eric"]
[Result "1/2-1/2"]
[ECO "D58"]
[WhiteElo "2165"]
[BlackElo "1890"]
[Annotator "NA"]
[PlyCount "40"]
[EventDate "2019.08.03"]
[EventType "swiss"]
[EventCountry "GER"]
[SourceTitle "playchess.com"]
[Source "ChessBase"]
[SourceQuality "1"]
[TimeControl "40/5400+30:1800+30"]

1. d4 d5 2. c4 e6 3. Nc3 Nf6 4. Bg5 Be7 5. Nf3 O-O 6. e3 h6 7. Bh4 Nbd7 8. Bd3 dxc4 9. Bxc4 b6 10. Qe2 Bb7 11. O-O Nd5 12. Bxe7 Qxe7 13. Nxd5 exd5 14. Bd3 c5 15. b3 Rac8 16. Rac1 Nf6 17. h3 Rfe8 18. Rc2 cxd4 19. Nxd4 Rxc2 20. Qxc2 Rc8 1/2-1/2

[Event "Lueneburg Open-A 2019"]
[Site "Lueneburg"]
[Date "2019.08.06"]
[Round "4.28"]
[White "Foo, Tzun Hong"]
[Black "Haas, Frank-Martin"]
[Result "0-1"]
[ECO "C01"]
[WhiteElo "1880"]
[BlackElo "2152"]
[Annotator "NA"]
[PlyCount "75"]
[EventDate "2019.08.03"]
[EventType "swiss"]
[EventCountry "GER"]
[SourceTitle "playchess.com"]
[Source "ChessBase"]
[SourceQuality "1"]
[TimeControl "40/5400+30:1800+30"]

1. e4 e6 2. d4 d5 3. exd5 exd5 4. c4 Bb4+ 5. Nc3 Ne7 6. Bd3 Nbc6 7. Nge2 Bf5 8. a3 Bxd3 9. Qxd3 dxc4 10. Qxc4 Bxc3+ 11. bxc3 Qd5 12. Qxd5 Nxd5 13. Bd2 Na5 14. Rb1 O-O-O 15. O-O Nc4 16. Rfd1 Rhe8 17. Kf1 Nxd2+ 18. Rxd2 Rxe2 19. Rxe2 Nxc3 20. Rb4 Nxe2 21. Kxe2 Rd6 22. Ke3 Rb6 23. Rxb6 axb6 24. Ke4 Kd7 25. f4 Ke6 26. g4 b5 27. f5+ Kd6 28. h4 f6 29. g5 c6 30. Kf4 Kd5 31. gxf6 gxf6 32. Kg4 Kxd4 33. Kh5 c5 34. Kh6 b4 35. axb4 cxb4 36. Kxh7 b3 37. h5 b2 38. Kg6 0-1

[Event "Lueneburg Open-A 2019"]
[Site "Lueneburg"]
[Date "2019.08.06"]
[Round "4.29"]
[White "Dijkhuis, Oele"]
[Black "Moysich, Dirk"]
[Result "1-0"]
[ECO "C41"]
[WhiteElo "2161"]
[BlackElo "1871"]
[Annotator "NA"]
[PlyCount "59"]
[EventDate "2019.08.03"]
[EventType "swiss"]
[EventCountry "GER"]
[SourceTitle "playchess.com"]
[Source "ChessBase"]
[SourceQuality "1"]
[TimeControl "40/5400+30:1800+30"]

1. e4 d6 2. d4 Nf6 3. Nc3 e5 4. Nge2 exd4 5. Nxd4 Be7 6. g3 O-O 7. Bg2 Nc6 8. Nf5 Bxf5 9. exf5 Re8 10. O-O Qd7 11. g4 h6 12. f4 d5 13. g5 Bc5+ 14. Kh1 Nh7 15. f6 g6 16. Nxd5 Rad8 17. f5 Ne5 18. fxg6 Nxg6 19. Qh5 Re5 20. Ne7+ Bxe7 21. fxe7 Qxe7 22. b3 c6 23. Bb2 Qxg5 24. Qf3 Re7 25. Rae1 Nh4 26. Qf2 Rdd7 27. Rg1 Rxe1 28. Qxe1 Kf8 29. Bxc6 Qc5 30. Bg7+ 1-0

[Event "Lueneburg Open-A 2019"]
[Site "Lueneburg"]
[Date "2019.08.06"]
[Round "4.30"]
[White "Doederlein, Etienne"]
[Black "Lau, Felix"]
[Result "1/2-1/2"]
[ECO "D04"]
[WhiteElo "1868"]
[BlackElo "2044"]
[Annotator "NA"]
[PlyCount "88"]
[EventDate "2019.08.03"]
[EventType "swiss"]
[EventCountry "GER"]
[SourceTitle "playchess.com"]
[Source "ChessBase"]
[SourceQuality "1"]
[TimeControl "40/5400+30:1800+30"]

1. d4 d5 2. Nf3 c6 3. e3 Nf6 4. Bd3 Qc7 5. O-O Bg4 6. Nbd2 Nbd7 7. Be2 O-O-O 8. c4 h5 9. Ng5 Bxe2 10. Qxe2 Ng4 11. f4 Nh6 12. cxd5 cxd5 13. Nb3 e6 14. Bd2 Kb8 15. Rac1 Qd6 16. Rc2 Be7 17. Nf3 f6 18. a3 Qb6 19. Qd3 Rc8 20. Rfc1 Bd6 21. Ba5 Qa6 22. Qxa6 bxa6 23. Rc6 Nf5 24. Kf2 Rxc6 25. Rxc6 Kb7 26. Rc1 Nb6 27. Bd2 Nc4 28. Na5+ Nxa5 29. Bxa5 Rc8 30. Rxc8 Kxc8 31. Ke2 Kd7 32. a4 Ne7 33. Bc3 Nc6 34. Kd3 Nb4+ 35. Bxb4 Bxb4 36. h3 Kc6 37. g4 hxg4 38. hxg4 Kb6 39. Kc2 Ka5 40. Kb3 g6 41. g5 fxg5 42. Nxg5 Bd2 43. Nxe6 Bxe3 44. Nf8 g5 1/2-1/2

[Event "Lueneburg Open-A 2019"]
[Site "Lueneburg"]
[Date "2019.08.06"]
[Round "4.31"]
[White "Porth, Hartmut"]
[Black "Schulze, Lukas"]
[Result "0-1"]
[ECO "B22"]
[WhiteElo "2032"]
[BlackElo "1724"]
[Annotator "NA"]
[PlyCount "70"]
[EventDate "2019.08.03"]
[EventType "swiss"]
[EventCountry "GER"]
[SourceTitle "playchess.com"]
[Source "ChessBase"]
[SourceQuality "1"]
[TimeControl "40/5400+30:1800+30"]

1. e4 c5 2. f4 d6 3. Nf3 Nf6 4. d3 g6 5. Be2 Bg7 6. c3 O-O 7. O-O Nc6 8. Na3 Bd7 9. Qe1 a6 10. Qh4 b5 11. Nc2 Qb6 12. f5 b4 13. fxg6 hxg6 14. Ng5 Rfb8 15. d4 cxd4 16. Bc4 Ne5 17. Bd5 Bc6 18. Nxd4 Bxd5 19. exd5 bxc3 20. bxc3 Rc8 21. Kh1 Rxc3 22. Rxf6 Bxf6 23. Qh7+ Kf8 24. Nge6+ fxe6 25. Nxe6+ Ke8 26. Qg8+ Kd7 27. Qxa8 Rc8 28. Nf8+ Rxf8 29. Qxf8 Nd3 30. g3 Bxa1 31. Bg5 Qb1+ 32. Kg2 Ne1+ 33. Kf2 Bd4+ 34. Ke2 Qe4+ 35. Kd1 Qf3+ 0-1

[Event "Lueneburg Open-A 2019"]
[Site "Lueneburg"]
[Date "2019.08.06"]
[Round "4.32"]
[White "Terhorst, Jochen"]
[Black "Darpan, Inani"]
[Result "1/2-1/2"]
[ECO "D00"]
[WhiteElo "2144"]
[BlackElo "1956"]
[Annotator "NA"]
[PlyCount "25"]
[EventDate "2019.08.03"]
[EventType "swiss"]
[EventCountry "GER"]
[SourceTitle "playchess.com"]
[Source "ChessBase"]
[SourceQuality "1"]
[TimeControl "40/5400+30:1800+30"]

1. d4 d5 2. Bf4 Nf6 3. e3 e6 4. Nd2 Bd6 5. Bg3 b6 6. c3 Bb7 7. Ngf3 Bxg3 8. hxg3 Nbd7 9. Qb1 Qe7 10. a4 e5 11. dxe5 Nxe5 12. Qf5 Neg4 13. Be2 1/2-1/2

[Event "Lueneburg Open-A 2019"]
[Site "Lueneburg"]
[Date "2019.08.06"]
[Round "4.33"]
[White "Wozny, Michael"]
[Black "Colbow, Collin"]
[Result "0-1"]
[ECO "A37"]
[WhiteElo "1942"]
[BlackElo "2167"]
[Annotator "NA"]
[PlyCount "104"]
[EventDate "2019.08.03"]
[EventType "swiss"]
[EventCountry "GER"]
[SourceTitle "playchess.com"]
[Source "ChessBase"]
[SourceQuality "1"]
[TimeControl "40/5400+30:1800+30"]

1. c4 c5 2. Nf3 g6 3. g3 Bg7 4. Bg2 Nc6 5. O-O e5 6. d3 Nge7 7. Nc3 d6 8. Bd2 O-O 9. Qc1 f5 10. Bh6 f4 11. Bxg7 Kxg7 12. Qd2 h6 13. e3 g5 14. exf4 exf4 15. gxf4 Rxf4 16. Ne2 Rf6 17. Ne1 Bg4 18. f3 Bh5 19. Ng3 Bg6 20. f4 gxf4 21. Ne4 Bxe4 22. Bxe4 Qf8 23. Nf3 Qf7 24. Kh1 Kh8 25. Rg1 Rg8 26. Rxg8+ Kxg8 27. b3 Kf8 28. Rg1 Qh5 29. Qg2 Ke8 30. Qg7 Qf7 31. Qg4 Kd8 32. Qh4 Kc7 33. Qf2 Nf5 34. b4 Nxb4 35. Qb2 Ne3 36. a3 Nc6 37. Rb1 b6 38. Qb5 Na5 39. Qb2 Kd8 40. Rg1 Ke8 41. Nh4 Ke7 42. Ng6+ Ke6 43. Bd5+ Nxd5 44. cxd5+ Kd7 45. Nxf4 Rxf4 46. Rg7 Rf1+ 47. Kg2 Rf2+ 48. Kg3 Rxb2 49. Rxf7+ Ke8 50. Rxa7 Rb3 51. Kf4 Rxd3 52. Kf5 Nc4 0-1

[Event "Lueneburg Open-A 2019"]
[Site "Lueneburg"]
[Date "2019.08.06"]
[Round "4.34"]
[White "Grote, Dirk"]
[Black "Kasipour Azbari, Seyed Arvin"]
[Result "1/2-1/2"]
[ECO "E61"]
[WhiteElo "2037"]
[BlackElo "1765"]
[Annotator "NA"]
[PlyCount "54"]
[EventDate "2019.08.03"]
[EventType "swiss"]
[EventCountry "GER"]
[SourceTitle "playchess.com"]
[Source "ChessBase"]
[SourceQuality "1"]
[TimeControl "40/5400+30:1800+30"]

1. d4 Nf6 2. Nf3 g6 3. c4 Bg7 4. Nc3 d6 5. Bg5 O-O 6. e3 Nbd7 7. Be2 c5 8. d5 h6 9. Bh4 Nh7 10. e4 Ne5 11. Nxe5 Bxe5 12. O-O f5 13. exf5 Bxf5 14. Bd3 Qd7 15. Qe2 Rf7 16. Rae1 Raf8 17. Bg3 Bxg3 18. hxg3 Ng5 19. Bxf5 gxf5 20. f4 Nh7 21. Qe6 Nf6 22. Qxd7 Nxd7 23. Re6 Rg7 24. Rf3 Nf6 25. Rfe3 Rff7 26. Ne2 a6 27. Rb3 b5 1/2-1/2

[Event "Lueneburg Open-A 2019"]
[Site "Lueneburg"]
[Date "2019.08.06"]
[Round "4.35"]
[White "Hesse, Juergen"]
[Black "Wobbe, Sven"]
[Result "1/2-1/2"]
[ECO "B23"]
[WhiteElo "1877"]
[BlackElo "2019"]
[Annotator "NA"]
[PlyCount "40"]
[EventDate "2019.08.03"]
[EventType "swiss"]
[EventCountry "GER"]
[SourceTitle "playchess.com"]
[Source "ChessBase"]
[SourceQuality "1"]
[TimeControl "40/5400+30:1800+30"]

1. e4 c5 2. Nc3 e6 3. f4 d6 4. Bb5+ Bd7 5. Bxd7+ Qxd7 6. Nf3 Nc6 7. O-O g6 8. d3 Bg7 9. Qe1 Nd4 10. Qf2 Ne7 11. Be3 Nec6 12. Nd1 Nxf3+ 13. Qxf3 f5 14. c3 O-O 15. g4 b6 16. Qg3 Rad8 17. Nf2 Kh8 18. h4 fxg4 19. Nxg4 e5 20. Rf2 Ra8 1/2-1/2